 Dungeon Sprint DCSS version 0.22-a0-322-g60b3cfd (webtiles) character file.

4865 Kidiri the Covert (level 10, -8/103 HPs)
             Began as a Naga Fighter on Apr 3, 2018.
             Was the Champion of Cheibriados.
             Mangled by Apejocu the pandemonium lord (19 damage)
             ... in the Dungeon (Sprint V: "Ziggurat Sprint").
             The game lasted 00:06:06 (1004 turns).

Kidiri the Covert (Naga Fighter)                    Turns: 1004, Time: 00:06:07

Health: -8/103     AC: 37    Str: 42    XL:     10   Next: 50%
Magic:  2/15       EV:  6    Int: 23    God:    Cheibriados [******]
Gold:   0          SH: 37    Dex: 36    Spells: 9/9 levels left

rFire    . . .     SeeInvis +   H - +9 sword of Zonguldrok {reap}
rCold    . . .     Gourm    .   G - +18 shield of the Gong {rElec rN+ MR+ EV-5}
rNeg     + . .     Faith    .   F - +15 Maxwell's patent armour {-Cast -Tele rElec MR+ rCorr}
rPois    +         Spirit   .   (no helmet)
rElec    +         Reflect  +   (no cloak)
rCorr    +         Harm     .   c - +1 pair of gloves {Str+3}
MR       +++..     NoTele   +   a - +2 naga barding {Stlth+} Stlth +++.......NoCast +
                                h - +3 amulet of reflection
HPRegen  0.27/turn              A - +6 ring of strength
MPRegen  0.14/turn              w - +6 ring of dexterity

@: very slow
A: large, see invisible, deformed body, poison resistance, slowness 2, slow
metabolism 1, spit poison 1, AC +3
a: Spit Poison, Bend Time, Temporal Distortion, Slouch, Step From Time, Renounce
Religion


You were in the Dungeon.
You worshipped Cheibriados.
Cheibriados was exalted by your worship.
You were not hungry.

You visited 1 branch

Inventory:

Hand Weapons
 b - a +0 long sword of flaming
 H - the +9 sword of Zonguldrok (weapon) {reap}
   (You found it in the Dungeon)

   If a monster killed with it leaves a corpse in good enough shape, the corpse
   will be animated as a zombie friendly to the killer.
Armour
 a - a +2 naga barding of stealth (worn)
 c - a +1 pair of gloves of strength (worn)
 F - the +15 Maxwell's patent armour (worn) {-Cast -Tele rElec MR+ rCorr}
   (You found it in the Dungeon)

   It insulates you from electricity.
   It affects your resistance to hostile enchantments.
   It prevents spellcasting.
   It prevents most forms of teleportation.
   It protects you from acid and corrosion.
 G - the +18 shield of the Gong (worn) {rElec rN+ MR+ EV-5}
   (You found it in the Dungeon)

   It affects your evasion (-5).
   It insulates you from electricity.
   It protects you from negative energy.
   It affects your resistance to hostile enchantments.
Jewellery
 h - a +3 amulet of reflection (around neck)
 j - an uncursed ring of wizardry
 w - a +6 ring of dexterity (right hand)
 x - a +6 ring of dexterity
 A - a +6 ring of strength (left hand)
 B - a +6 ring of strength
Wands
 C - a wand of disintegration (7)
 D - a wand of iceblast (7)
 E - a wand of acid (7)
Scrolls
 k - 4 scrolls of blinking
 q - 4 scrolls of amnesia
 r - 7 scrolls of fog
 s - a scroll of holy word
 t - 5 scrolls of identify
 u - 5 scrolls of remove curse
 v - 2 scrolls of fear
Potions
 d - 6 potions of might
 e - 10 potions of curing
 g - 6 potions of heal wounds
 i - 7 potions of magic
 l - 2 potions of brilliance
 m - 2 potions of invisibility
 n - 4 potions of resistance
 p - 5 potions of agility
Comestibles
 f - 7 rations


   Skills:
 * Level 10.6 Fighting
 * Level 10.4 Long Blades
 * Level 8.9 Armour
 + Level 5.9 Dodging
 + Level 10.9 Stealth
 * Level 8.9 Shields
 + Level 7.8 Invocations
 + Level 6.9 Evocations


You had 9 spell levels left.
You didn't know any spells.

Dungeon Overview and Level Annotations

Branches:
Dungeon (1/1)

Altars:
Ashenzari
Cheibriados
Dithmenos
Elyvilon
Fedhas
Gozag
Hepliaklqana
Kikubaaqudgha
Makhleb
Nemelex Xobeh
Okawaru
Qazlal
Ru
Sif Muna
Trog
Uskayaw
Vehumet
Wu Jian
Xom
Yredelemnul
Zin
The Shining One
Beogh
Jiyva
Lugonu

Annotations:
D 1 transporter


Innate Abilities, Weirdness & Mutations

You cannot wear boots.
Your serpentine skin is tough. (AC +3)
You have supernaturally acute eyesight. (SInv)
Armour fits poorly on your strangely shaped body.
Your system is resistant to poisons. (rPois)
You cover ground very slowly.
You have a slow metabolism.
You can spit poison.


Message History

Apejocu is severely wounded.
You block Apejocu's attack.
PANG!
Apejocu hits you!!!
* * * LOW HITPOINT WARNING * * *
You writhe in agony.
* * * LOW HITPOINT WARNING * * *
You miss Apejocu.
Apejocu is severely wounded.
You block Apejocu's attack.
PANG!
Unknown command.
You hit Apejocu.
Apejocu is severely wounded.
Apejocu hits you.
* * * LOW HITPOINT WARNING * * *
You writhe in agony.
* * * LOW HITPOINT WARNING * * *
Apejocu hits you!!
You die...

▓▓▓▓▓▓▓▓▓▓▓▓▓▓▓▓▓▓▓
▓...8©8...▓..8©8..▓
▓..))})...▓..).}..▓
▓...})....▓..[|...▓
▓.........▓.......▓
▓...).....▓.......▓
▓.........▓.......▓
▓....&....▓.......▓
▓.▓..@..▓.▓.▓...▓.▓
▓....©....▓...©...▓
▓▓▓▓▓▓▓▓▓▓▓▓▓▓▓▓▓▓▓
▓..8©8..▓ ▓..|})..▓
▓..:)...▓ ▓.......▓
▓.......▓ ▓.......▓


You could see Apejocu.

Vanquished Creatures
  A black draconian (D)
  A yellow draconian (D)
  A deep elf mage (D)
  3 draconians (D)
  A hellwing (D)
  An ice devil (D)
  A guardian mummy (D)
  A jumping spider (D)
  A ynoxinul (D)
  A tarantella (D)
  A chaos spawn (D)
  A necrophage (D)
  A scorpion (D)
  2 quasits (D)
  3 iron imps (D)
  2 mummies (D)
  2 adders (D)
  A shadow imp (D)
  An ufetubus (D)
  An adder skeleton (D)
  A bat skeleton (D)
  2 bat zombies (D)
30 creatures vanquished.

Vanquished Creatures (collateral kills)
  A dancing weapon (D)
  A deep elf mage (D)
  An air elemental (D)
  A phantom (D)
  A scorpion (D)
  A shadow imp (D)
6 creatures vanquished.

Grand Total: 36 creatures vanquished

Notes
Turn   | Place    | Note
-------+----------+-------------------------------------------
     0 | D        | Found the +6 Majin-Bo {vamp, Archmagi MP+6 Int+6}
     0 | D        | Found the +7 great mace "Firestarter" {inner flame, rF++}
     0 | D        | Kidiri the Naga Fighter began the quest for the Orb.
     0 | D        | Reached XP level 1. HP: 21/21 MP: 1/1
     0 | D        | Found a deep blue altar of Sif Muna.
     0 | D        | Found a sacrificial altar of Ru.
     0 | D        | Found a bloodstained altar of Trog.
     0 | D        | Found a stormy altar of Qazlal.
     0 | D        | Found an iron altar of Okawaru.
     0 | D        | Found a sparkling altar of Nemelex Xobeh.
     0 | D        | Found a blossoming altar of Fedhas.
     2 | D        | Found a transporter.
     2 | D        | Found an ancient bone altar of Kikubaaqudgha.
     2 | D        | Found a viscous altar of Jiyva.
     2 | D        | Found a corrupted altar of Lugonu.
     2 | D        | Found a hazy altar of Hepliaklqana.
     2 | D        | Found a burning altar of Makhleb.
     2 | D        | Found an opulent altar of Gozag.
    19 | D        | Found the +9 heavy crossbow "Sniper" {velocity, Acc+∞ SInv}
    19 | D        | Found the +10 dark maul {crush}
    19 | D        | Found the +15 Maxwell's patent armour {-Cast -Tele rElec MR+ rCorr}
    19 | D        | Found the +18 shield of the Gong {rElec rN+ MR+ EV-5}
    19 | D        | Found the cursed +14 obsidian axe {chop, +Fly SInv *Curse}
    20 | D        | Found the +6 shillelagh "Devastator" {shatter}
    20 | D        | Found the +11 plutonium sword {*Contam Stlth-}
    20 | D        | Found the +8 lance "Wyrmbane" {slay drac, rPois rF+ rC+ AC+3}
    20 | D        | Found the +9 sword of Zonguldrok {reap}
    20 | D        | Found the cursed +13 scythe of Curses {drain, *Curse}
    20 | D        | Found the +0 sword of Power
    20 | D        | Found the +12 mace of Variability {chaos}
    20 | D        | Found the +7 Singing Sword
    20 | D        | Found the +7 longbow "Piercer" {penet, EV-2}
   115 | D        | Became a worshipper of Cheibriados the Contemplative
   116 | D        | Reached skill level 1 in Dodging
   116 | D        | Reached skill level 1 in Evocations
   116 | D        | Reached XP level 2. HP: 30/30 MP: 1/3
   187 | D        | Entered arena 2.
   187 | D        | Found a transporter.
   196 | D        | Reached * piety under Cheibriados
   196 | D        | Reached XP level 3. HP: 36/37 MP: 4/4
   205 | D        | Entered arena 3.
   205 | D        | Noticed a guardian mummy
   205 | D        | Found a transporter.
   213 | D        | Killed a guardian mummy
   213 | D        | Reached skill level 5 in Long Blades
   213 | D        | Reached skill level 5 in Stealth
   213 | D        | Reached skill level 5 in Shields
   213 | D        | Reached XP level 4. HP: 17/48 MP: 4/6
   213 | D        | Reached XP level 5. HP: 20/55 MP: 4/7
   213 | D        | Reached XP level 6. HP: 22/62 MP: 4/8
   216 | D        | Reached skill level 5 in Armour
   221 | D        | Reached ** piety under Cheibriados
   404 | D        | Entered arena 4.
   404 | D        | Noticed a tarantella
   404 | D        | Noticed a jumping spider
   404 | D        | Found a transporter.
   409 | D        | Killed a tarantella
   412 | D        | Killed a jumping spider
   412 | D        | Reached XP level 7. HP: 58/72 MP: 8/10
   413 | D        | Reached skill level 5 in Invocations
   413 | D        | Reached *** piety under Cheibriados
   516 | D        | Entered arena 5.
   516 | D        | Noticed a deep elf mage
   516 | D        | Noticed a deep elf mage
   516 | D        | Noticed a hand axe of chopping
   516 | D        | Noticed an air elemental
   516 | D        | Found a transporter.
   519 | D        | Killed a hand axe of chopping
   520 | D        | Killed a deep elf mage
   520 | D        | Reached **** piety under Cheibriados
   520 | D        | Reached XP level 8. HP: 64/81 MP: 11/11
   521 | D        | Killed a deep elf mage
   521 | D        | Killed an air elemental
   521 | D        | Reached ***** piety under Cheibriados
   612 | D        | Entered arena 6.
   612 | D        | Noticed a draconian
   612 | D        | Noticed a yellow draconian
   612 | D        | Noticed a draconian
   612 | D        | Noticed a draconian
   612 | D        | Noticed a black draconian
   612 | D        | Found a transporter.
   619 | D        | Killed a draconian
   619 | D        | Reached skill level 5 in Evocations
   621 | D        | Killed a draconian
   621 | D        | Reached XP level 9. HP: 55/90 MP: 3/13
   623 | D        | Killed a draconian
   627 | D        | Killed a black draconian
   627 | D        | Reached skill level 5 in Dodging
   637 | D        | Killed a yellow draconian
   637 | D        | Reached skill level 10 in Fighting
   637 | D        | Reached skill level 10 in Long Blades
   637 | D        | Reached skill level 10 in Stealth
   637 | D        | Reached XP level 10. HP: 28/102 MP: 5/15
   892 | D        | Entered arena 7.
   893 | D        | Found a transporter.
   894 | D        | Reached ****** piety under Cheibriados
   957 | D        | Entered arena 8.
   958 | D        | Found a transporter.
   983 | D        | Entered arena 9.
   983 | D        | Noticed Apejocu the pandemonium lord
   984 | D        | Found a transporter.
   999 | D        | HP: 5/103 [Apejocu the pandemonium lord (46)]
  1004 | D        | Mangled by Apejocu the pandemonium lord

Vault maps used:
D:        sprint_v

Skill      XL: |  1  2  3  4  5  6  7  8  9 |
---------------+----------------------------+-----
Fighting       | 4 6 7 8 10 | 10.6
Long Blades    | 3 5 7 8 10 | 10.4
Armour         | 3 4 5 6 7 8 |  8.9
Dodging        | 1 2 3 4 5 |  5.9
Stealth        | 2 3 5 6 7 8 10 | 10.9
Shields        | 3 5 6 7 8 |  8.9
Invocations    | 2 3 4 5 6 7 |  7.8
Evocations     | 1 3 4 5 6 |  6.9

Action                   |  1- 3 |  4- 6 |  7- 9 | 10-12 || total
-------------------------+-------+-------+-------+-------++-------
Melee: Double sword      |    15 |    15 |    23 |    25 ||    78
Invok: Slouch            |       |       |     2 |     4 ||     6
 Abil: Spit Poison       |       |     1 |     3 |     1 ||     5
  Use: Potion            |     1 |       |     1 |     3 ||     5
       Scroll            |       |       |     1 |       ||     1
 Stab: Distracted        |       |       |     1 |       ||     1
Armor: Plate armour      |     6 |     7 |    10 |    20 ||    43
Dodge: Dodged            |     1 |       |       |     3 ||     4
Block: Shield            |    23 |    23 |    42 |    63 ||   151
       Rpst.: Double sword |       |       |       |     1 ||     1

Table legend:
 A = Spawn XP
 B = Non-spawn XP
 C = Spawn XP percentage of total XP
 D = Spawn monster count
 E = Non-spawn monster count
 F = Spawn count percentage of total count
 G = Total turns spent on level
                    A         B        C        D         E        F      G
               +---------+---------+-------+---------+---------+-------+---------
         Total |       0 |    6941 |   0.0 |       0 |      36 |   0.0 |  1004
               +---------+---------+-------+---------+---------+-------+---------
             D |       0 |    6941 |   0.0 |       0 |      36 |   0.0 |  1004
               +---------+---------+-------+---------+---------+-------+---------
